 Dungeon Crawl Stone Soup version 0.22.0-38-g04b72b8 (webtiles) character file.

636 dvd the Firebug (level 7, -5/42 HPs)
             Began as an Octopode Fire Elementalist on Aug 28, 2018.
             Slain by a troll (6 damage)
             ... on level 5 of the Dungeon.
             The game lasted 00:10:26 (4923 turns).

dvd the Firebug (Octopode Fire Elementalist)        Turns: 4923, Time: 00:10:29

Health: -5/42      AC:  1    Str:  7    XL:     7   Next: 50%
Magic:  0/13       EV: 14    Int: 19    God:
Gold:   259        SH:  0    Dex: 13    Spells: 7/14 levels left

rFire    . . .     SeeInvis .   m - +2 mace (holy)
rCold    . . .     Gourm    .   (no shield)
rNeg     . . .     Faith    .   (helmet restricted)
rPois    .         Spirit   .   (no amulet)
rElec    .         Reflect  .   (no ring)
rCorr    .         Harm     .   (no ring)
MR       .....                  (no ring)
Stlth    +++.......             (no ring)
HPRegen  0.14/turn              (no ring)
MPRegen  0.13/turn              (no ring)
                                (no ring)
                                (no ring)

@: very slightly contaminated
A: almost no armour, stealthy swim, amphibious, 8 rings, constrict 8, camouflage
1, gelatinous body 1
a: no special abilities


You were on level 5 of the Dungeon.
You were very hungry.

You visited 1 branch of the dungeon, and saw 5 of its levels.

You collected 259 gold pieces.

Inventory:

Hand Weapons
 c - a +0 hand axe
 m - a +2 mace of holy wrath (weapon)
Missiles
 l - 4 tomahawks of returning (quivered)
Wands
 k - a wand of enslavement (23)
Scrolls
 a - 4 scrolls of enchant armour {unknown}
 f - 4 scrolls of identify {unknown}
 i - a scroll of teleportation {unknown}
 j - 2 scrolls of magic mapping {unknown}
 q - a scroll of remove curse {unknown}
Potions
 d - 5 potions of might {unknown}
 e - a potion of curing {unknown}
 g - a potion of agility {unknown}
 h - a potion of mutation {unknown}
 o - a potion of cancellation {unknown}
 p - 2 potions of ambrosia {unknown}
Comestibles
 b - 8 rations


   Skills:
 + Level 0.8 Fighting
 + Level 0.6(1.1) Axes
 + Level 1.3(1.5) Maces & Flails
 + Level 2.6 Dodging
 - Level 2.6 Stealth
 + Level 4.1 Spellcasting
 + Level 4.7 Conjurations
 + Level 4.7 Fire Magic


You had 7 spell levels left.
You knew the following spells:

 Your Spells              Type           Power        Failure   Level  Hunger
a - Flame Tongue          Conj/Fire      ###..        1%          1    None
b - Throw Flame           Conj/Fire      ###...       3%          2    ##.....
c - Sticky Flame          Conj/Fire      ###.....     19%         4    ####...

Your spell library contained the following spells:

 Spells                   Type           Power        Failure   Level  Hunger
 Conjure Flame            Conj/Fire      ###.....     6%          3    ###....
 Animate Skeleton         Necr           N/A          14%         1    None
 Apportation              Tloc           #.....       14%         1    None
 Confusing Touch          Hex            #.....       14%         1    None
 Summon Small Mammal      Summ           #...         14%         1    None
 Inner Flame              Hex/Fire       ##......     16%         3    ###....
 Fireball                 Conj/Fire      ###.......   47%         5    ######.


Dungeon Overview and Level Annotations

Branches:
Dungeon (5/15)
 Temple: D:4-7

Altars:
Kikubaaqudgha
Nemelex Xobeh
Okawaru
Trog

Annotations:
D:4 Arum's ghost, amateur FoFi


Innate Abilities, Weirdness & Mutations

You cannot wear most types of armour.
You are very stealthy in the water. (Stealth+)
You are amphibious.
You can wear up to eight rings at the same time.
You can use your tentacles to constrict eight enemies at once.
Your skin changes colour to match your surroundings (Stealth+).
Your rubbery body absorbs attacks. (AC +1, EV +1)


Message History

The troll claws you.
* * * LOW HITPOINT WARNING * * *
The troll burns!
The troll burns!
The troll burns!
The troll stops burning.
An adder zombie comes into view.
The adder zombie moves out of view.
Casting: Sticky Flame (slightly dangerous; 19% risk of failure)
Confirm with . or Enter, or press ? or * to list all spells.
Aiming: Sticky Flame (slightly dangerous; 19% risk of failure)
Press: ? - help, Shift-Dir - straight line, f/p - troll
Aim: a troll (heavily wounded)
You miscast Sticky Flame.
You are very lightly contaminated with residual magic.
Your skin glows momentarily.
You are feeling very hungry.
The troll bites you!
* * * LOW HITPOINT WARNING * * *
The troll claws you.
You die...

########§§###§§≈#
.........≈≈≈§≈§≈≈≈§≈.≈≈≈§
######.....§§§§.§....Z..
#..≈≈≈≈§.≈§§≈≈.≈§≈
#..≈###≈.≈# #≈.≈# # #.§≈#
#≈.§# #§.§# .§#
#..≈###≈.≈###≈.§###≈.≈#
#..≈≈§≈≈.≈§≈§§§§≈≈≈≈.≈≈
##......@T........§....
######################


You could see a troll.

Vanquished Creatures
  An ogre (D:4)
  A centaur (D:4)
  5 orc wizards
  2 orc priests (D:4)
  A bullfrog skeleton (D:4)
  A worker ant (D:5)
  4 gnolls (D:2)
  A worker ant zombie (D:5)
  8 adders
  An ooze (D:1)
  3 worms
  A dart slug (D:4)
  3 leopard geckos
  17 orcs
  A giant cockroach (D:5)
  13 goblins
  6 hobgoblins
  7 kobolds
  2 quokkas (D:4)
  4 bats
  4 frilled lizards
  2 rats
88 creatures vanquished.

Notes
Turn   | Place    | Note
-------+----------+-------------------------------------------
     0 | D:1      | dvd the Octopode Fire Elementalist began the quest for the Orb.
     0 | D:1      | Reached XP level 1. HP: 11/11 MP: 3/3
   115 | D:1      | Reached XP level 2. HP: 9/17 MP: 0/5
   587 | D:1      | Learned a level 2 spell: Throw Flame
   904 | D:1      | Reached XP level 3. HP: 21/21 MP: 3/6
  1311 | D:2      | Found a sparkling altar of Nemelex Xobeh.
  1390 | D:2      | Reached XP level 4. HP: 27/27 MP: 3/8
  1499 | D:2      | Found an ancient bone altar of Kikubaaqudgha.
  2009 | D:2      | Reached XP level 5. HP: 24/31 MP: 4/9
  2200 | D:3      | Learned a level 4 spell: Sticky Flame
  2685 | D:3      | Reached XP level 6. HP: 11/36 MP: 3/11
  3063 | D:3      | Found an iron altar of Okawaru.
  3880 | D:4      | Reached XP level 7. HP: 30/41 MP: 5/12
  4231 | D:4      | Found a bloodstained altar of Trog.
  4537 | D:4      | Found a runed door.
  4537 | D:4      | Noticed Arum's ghost (amateur FoFi)
  4653 | D:5      | Entered Level 5 of the Dungeon
  4761 | D:5      | Reached skill level 1 in Maces & Flails
  4907 | D:5      | Noticed a troll
  4923 | D:5      | HP: 1/42 [troll (8)]
  4923 | D:5      | Slain by a troll

Skill      XL: |  1  2  3  4  5  6  7 |
---------------+----------------------+-----
Conjurations   | 2 3 4 |  4.7
Spellcasting   | 3 4 |  4.1
Fire Magic     | 4 |  4.7
Maces & Flails | 1 |  1.3
Fighting       | |  0.8
Axes           | |  0.6
Dodging        | |  2.6
Stealth        | |  2.6

Action                   |  1- 3 |  4- 6 |  7- 9 || total
-------------------------+-------+-------+-------++-------
Melee: Hand axe          |     6 |    32 |       ||    38
       Constrict         |     4 |     9 |     4 ||    17
       Tentacles         |     1 |     5 |     1 ||     7
       Mace              |       |     3 |    20 ||    23
 Cast: Flame Tongue      |    31 |    45 |    21 ||    97
       Throw Flame       |     8 |    28 |    12 ||    48
       Sticky Flame      |       |     4 |     4 ||     8
 Stab: Sleeping          |     1 |     2 |     2 ||     5
  Eat: Chunk             |     2 |     9 |     4 ||    15
Armor: Skin              |     1 |     3 |     1 ||     5
Dodge: Dodged            |    12 |    40 |    21 ||    73
